 Dungeon Crawl Stone Soup version 0.29.1-15-g9cfb28693d (webtiles) character file.

Game seed: 11300980987984981639

17 Descartes the Magician (level 2, -2/15 HPs)
             Began as a Spriggan Wanderer on Feb 25, 2023.
             Slain by a black bear (11 damage)
             ... created by the rage of Trog
             ... on level 1 of the Dungeon.
             The game lasted 00:02:27 (633 turns).

Descartes the Magician (Spriggan Wanderer)           Turns: 633, Time: 00:02:28

Health: -2/15      AC:  2    Str:  5    XL:     2   Next: 44%
Magic:  8/8        EV: 15    Int: 16    God:
Gold:   20         SH:  0    Dex: 14    Spells: 8/9 levels left

rFire   . . .      SeeInvis +   a - +0 sling
rCold   . . .      Faith    .   (no shield)
rNeg    . . .      Spirit   .   d - +0 robe
rPois   .          Reflect  .   (helmet restricted)
rElec   .          Harm     .   (no cloak)
rCorr   .          Rampage  .   (gloves unavailable)
Will    .....                   (boots unavailable)
Stlth   ++........              (no amulet)
HPRegen 0.05/turn               (no ring)
MPRegen 0.11/turn               (no ring)

@: very quick
A: very small, no large weapons, unfitting armour, see invisible, speed 3
a: no special abilities


You were on level 1 of the Dungeon.
You visited 1 branch of the dungeon, and saw 1 of its levels.

You collected 20 gold pieces.

Inventory:

Hand Weapons
 a - a +0 sling (weapon)
 h - a +0 dagger
Armour
 d - a +0 robe (worn)
Wands
 b - a wand of polymorph (3)
Scrolls
 e - a scroll of teleportation {unknown}
Potions
 c - 2 potions of might
 f - a potion of curing {unknown}
 g - a potion of resistance {unknown}
 i - a potion of heal wounds {unknown}


   Skills:
 + Level 1.7 Fighting
 + Level 0.4 Short Blades
 + Level 2.1 Ranged Weapons
 + Level 0.7 Dodging
 + Level 0.8 Stealth
 - Level 4.1 Spellcasting
 - Level 1.2 Translocations
 + Level 3.0 Evocations


You had 8 spell levels left.
You knew the following spells:

 Your Spells              Type           Power      Damage    Failure   Level
a - Freeze                Ice            12%        1d4       17%         1

Your spell library contained the following spells:

 Spells                   Type           Power      Damage    Failure   Level
 Portal Projectile        Hex/Tloc       10%        N/A       36%         3
 Spider Form              Tmut/Pois      3%         N/A       45%         3
 Tukima's Dance           Hex            3%         N/A       45%         3


Dungeon Overview and Level Annotations

Branches:
Dungeon (1/15)

Altars:
Trog


Innate Abilities, Weirdness & Mutations

You are very small and have problems with some larger weapons.
You are too small for most types of armour.
You have supernaturally acute eyesight. (SInv)
You cover ground extremely quickly. (Speed+++)


Message History

Press: ? - help, Q - select action, (/) - cycle Shift-Dir - straight line, f - you That would be overly suicidal.
Okay, then.
Aiming: Freeze (safe; 17% risk of failure)
Press: ? - help, Q - select action, (/) - cycle Shift-Dir - straight line, f - hobgoblin
Aim: a hobgoblin (almost dead) Out of range.
Okay, then.
Aiming: Freeze (safe; 17% risk of failure)
Press: ? - help, Q - select action, (/) - cycle Shift-Dir - straight line, f - hobgoblin
Aim: a hobgoblin (almost dead) Out of range.
Okay, then.
Fire: a) +0 sling
Press: ? - help, Q - select action, (/) - cycle Shift-Dir - straight line, f - hobgoblin
Aim: a hobgoblin (almost dead, 56% to hit)
You shoot a sling bullet.
The sling bullet closely misses the hobgoblin.
Fire: a) +0 sling
Press: ? - help, Q - select action, (/) - cycle Shift-Dir - straight line, f/p - hobgoblin
Aim: a hobgoblin (almost dead, 56% to hit)
You shoot a sling bullet. The sling bullet hits the hobgoblin.
You kill the hobgoblin!
Your Evocations skill increases to level 3!
Trog sends monsters to punish you. 3 black bears come into view.
The black bear rages. x2
You hear an angry growl.
The black bear rages.
The black bear rages.
The black bear rages.
You hear an angry growl.
You shoot a sling bullet.
The sling bullet closely misses the black bear.
You shoot a sling bullet. The sling bullet hits the black bear.
The black bear is lightly wounded.
You hear an angry growl.
The black bear bites you!
Ouch! That really hurt!
You die...

###.†....# # #......# #
#......# ..# #......###.#
..# #..........# ..####
#......##### .....
######.# ...#
########'########+#...#
...##.......h..h@.....#.##
...##......#####..........
...''......+ +........##
....#......#####......###
....#...h..##....####.#
....#......+......# .#
....#......#..###.# #
....#.....##.## #.#
....#.######.# #.#


You could see 2 black bears.

Vanquished Creatures
  A dart slug (D:1)
  An endoplasm (D:1)
  A giant cockroach (D:1)
  A goblin (D:1)
  2 hobgoblins (D:1)
  A kobold (D:1)
  A quokka (D:1)
  A ball python (D:1)
  2 bats (D:1)
  A frilled lizard (D:1)
  3 rats (D:1)
15 creatures vanquished.

Vanquished Creatures (others)
  A plant (D:1)
1 creature vanquished.

Grand Total: 16 creatures vanquished

Notes
Turn   | Place    | Note
-------+----------+-------------------------------------------
     0 | D:1      | Descartes the Spriggan Wanderer began the quest for the
                  | Orb.
     0 | D:1      | Descartes set off with the following items: a +0 sling, a
                  | wand of polymorph (3), a potion of might, a +0 robe; and
                  | the following spell memorised: Freeze; and the following
                  | spells available to memorise: Portal Projectile, Spider
                  | Form, Tukima's Dance.
     0 | D:1      | Reached XP level 1. HP: 10/10 MP: 6/6
   133 | D:1      | Reached XP level 2. HP: 9/15 MP: 8/8
   257 | D:1      | Reached skill level 1 in Translocations
   386 | D:1      | Found a faded altar of an unknown god.
   488 | D:1      | Prayed at the altar of an unknown god.
   488 | D:1      | Became a worshipper of Trog the Wrathful
   488 | D:1      | Reached * piety under Trog
   489 | D:1      | Fell from the grace of Trog
   613 | D:1      | Noticed a black bear
   613 | D:1      | Noticed a black bear
   613 | D:1      | Noticed a black bear
   633 | D:1      | Slain by a black bear

Illustrated notes

Levels and vault maps discovered:
D:1:      lordsloth_arrival_two_stooges, layout_basic,
          shapermc_ecumenical_altar_mp_ritualfount

Skill      XL: |  1  2 |
---------------+-------+-----
Translocations | 1 |  1.2
Evocations     | 3 |  3.0
Fighting       | |  1.7
Short Blades   | |  0.4
Ranged Weapons | |  2.1
Dodging        | |  0.7
Stealth        | |  0.8
Spellcasting   | |  4.1

Action                   || total
-------------------------++-------
 Fire: Sling             ||    56
Invok: Renounce Religion ||     1
Armor: Robe              ||     6
Dodge: Dodged            ||    25
